 Dungeon Crawl Stone Soup version 0.23-a0-49-gd9f7a49668 (webtiles) character file.

42 Htamos the Ducker (level 3, -3/28 HPs)
             Began as a Merfolk Skald on Aug 7, 2018.
             Slain by a worker ant (4 damage)
             ... on level 3 of the Dungeon.
             The game lasted 00:04:11 (2377 turns).

Htamos the Ducker (Merfolk Skald)                   Turns: 2377, Time: 00:04:12

Health: -3/28      AC:  3    Str: 12    XL:     3   Next: 56%
Magic:  5/6        EV: 13    Int: 12    God:
Gold:   91         SH:  0    Dex: 13    Spells: 5/6 levels left

rFire    + . .     SeeInvis .   a - +0 spear
rCold    + . .     Gourm    .   (no shield)
rNeg     . . .     Faith    .   b - +0 leather armour
rPois    +         Spirit   .   g - +0 hat
rElec    +         Reflect  .   (no cloak)
rCorr    +         Harm     .   (no gloves)
MR       .....                  (no boots)
Stlth    +.........             (no amulet)
HPRegen  0.09/turn              (no ring)
MPRegen  0.10/turn              (no ring)

@: lethally poisoned (-3 -> -14), resistant, infused, hasted, very quick
A: change form in water, swift swim, stealthy swim
a: no special abilities


You were on level 3 of the Dungeon.
You were not hungry.

You visited 1 branch of the dungeon, and saw 3 of its levels.

You collected 91 gold pieces.

Inventory:

Hand Weapons
 a - a +0 spear (weapon)
Armour
 b - a +0 leather armour (worn)
 g - a +0 hat (worn)
 i - a +0 large shield
Scrolls
 e - a scroll of identify {unknown}
 f - 2 scrolls of teleportation {unknown}
 h - a scroll of amnesia {unknown}
 j - a scroll of magic mapping {unknown}
Comestibles
 d - 9 rations
 l - 2 chunks of flesh


   Skills:
 + Level 2.6 Fighting
 + Level 3.5 Polearms
 - Level 0.6 Armour
 * Level 3.8 Dodging
 + Level 0.4 Shields
 - Level 2.0 Spellcasting
 + Level 3.6 Charms


You had 5 spell levels left.
You knew the following spells:

 Your Spells              Type           Power        Failure   Level  Hunger
a - Infusion              Chrm           ##..         8%          1    ##.....

Your spell library contained the following spells:

 Spells                   Type           Power        Failure   Level  Hunger
 Regeneration             Chrm/Necr      #.........   43%         3    ####...
 Shroud of Golubria       Chrm/Tloc      #.........   24%         2    ###....
 Song of Slaying          Chrm           ##......     12%         2    ###....
 Spectral Weapon          Hex/Chrm       #.......     43%         3    ####...


Dungeon Overview and Level Annotations

Branches:
Dungeon (3/15)

Altars:
Makhleb

Annotations:
D:1 exclusion: downstairs
D:2 Sigmund, Terence


Message History

The worker ant is moderately wounded.
* * * LOW HITPOINT WARNING * * *
You feel sick.
The worker ant bites you but does no damage.
You hit the worker ant.
The worker ant is heavily wounded.
* * * LOW HITPOINT WARNING * * *
You feel sick. The adder bites you.
* * * LOW HITPOINT WARNING * * *
You are more poisoned.
The adder poisons you! The worker ant barely misses you.
It was a potion of haste.
You feel yourself speed up.
* * * LOW HITPOINT WARNING * * *
You feel sick. The adder bites you.
* * * LOW HITPOINT WARNING * * *
The worker ant barely misses you. The adder barely misses you.
It was a potion of resistance.
You feel protected. The worker ant bites you.
You die...

#####........#....####.##..
....##..####.##.....##.....
#...............#.#......
####..####.#.............
#..####.#.#.#.........
##.....#..(#.#.#.....#
#......##..#.#.))..#.##
#......#.....S.(.......
###....#....@a....###..
#....#..........###
#....#..#..(......# ##
##..........#......#
.#####.........(......[.#
.......####....#........#
......#####.#.####..#####
..###.......#.# ##.#
.####.####....##......


You could see a worker ant and an adder.

Vanquished Creatures
  A leopard gecko (D:1)
  2 orcs (D:3)
  2 ball pythons (D:1)
  2 giant cockroaches (D:1)
  4 goblins (D:1)
  6 hobgoblins
  A quokka (D:3)
  5 bats
  2 frilled lizards (D:1)
  4 kobolds (D:1)
  10 rats
39 creatures vanquished.

Notes
Turn   | Place    | Note
-------+----------+-------------------------------------------
     0 | D:1      | Htamos the Merfolk Skald began the quest for the Orb.
     0 | D:1      | Reached XP level 1. HP: 16/16 MP: 3/3
   131 | D:1      | Reached XP level 2. HP: 19/23 MP: 5/5
   668 | D:1      | Reached XP level 3. HP: 26/28 MP: 6/6
   936 | D:2      | Found a burning altar of Makhleb.
   951 | D:2      | Noticed Sigmund
  1873 | D:2      | Noticed Terence
  2376 | D:3      | HP: 1/28 [adder (4)]
  2377 | D:3      | Slain by a worker ant

Vault maps used:
D:1:      dpeg_arrival_subterranean_lakeside_camping
D:2:      lemuel_doored_altar, first_ration, uniq_sigmund, uniq_terence
D:3:      cheibrodos_helix_gallery, lemuel_coloured_pillars_altar

Skill      XL: |  1 |
---------------+----+-----
Dodging        | 3 |  3.8
Fighting       | |  2.6
Polearms       | |  3.5
Armour         | |  0.6
Shields        | |  0.4
Spellcasting   | |  2.0
Charms         | |  3.6

Action                   || total
-------------------------++-------
Melee: Spear             ||   157
 Cast: Infusion          ||     5
  Use: Potion            ||     3
 Stab: Sleeping          ||     4
  Eat: Ration            ||     1
       Chunk             ||     1
Armor: Leather armour    ||    30
Dodge: Dodged            ||    98

Table legend:
 A = Spawn XP
 B = Non-spawn XP
 C = Spawn XP percentage of total XP
 D = Spawn monster count
 E = Non-spawn monster count
 F = Spawn count percentage of total count
 G = Total turns spent on level
                    A         B        C        D         E        F      G
               +---------+---------+-------+---------+---------+-------+---------
         Total |       0 |      61 |   0.0 |       0 |      39 |   0.0 |  2377
               +---------+---------+-------+---------+---------+-------+---------
           D:1 |       0 |      41 |   0.0 |       0 |      29 |   0.0 |  1734
           D:2 |       0 |       3 |   0.0 |       0 |       2 |   0.0 |   162
           D:3 |       0 |      17 |   0.0 |       0 |       8 |   0.0 |   481
               +---------+---------+-------+---------+---------+-------+---------
